 Dungeon Crawl Stone Soup version 0.26.1-11-gd32895ea62 (webtiles) character file.

Game seed: 12156491228439365871

8003 adizb the Covert (level 11, -7/111 HPs)
             Began as an Octopode Brigand on June 27, 2021.
             Was a Follower of Dithmenos.
             Killed from afar by a gargoyle (13 damage)
             ... with a stone arrow
             ... on level 11 of the Dungeon.
             The game lasted 01:49:57 (9115 turns).

adizb the Covert (Octopode Brigand)                 Turns: 9115, Time: 01:49:58

Health: -7/111     AC: 25    Str: 13    XL:     11   Next: 24%
Magic:  0/20       EV:  2    Int: 13    God:    Dithmenos [*.....]
Gold:   278        SH:  0    Dex: 15    Spells: 10/10 levels left

rFire    + . .     SeeInvis .   t - +3 short sword (elec)
rCold    . . .     Faith    .   (no shield)
rNeg     + + +     Spirit   +   (helmet currently unavailable)
rPois    +         Reflect  .   r - amulet of guardian spirit
rElec    .         Harm     .   h - ring of magical power
rCorr    .         Rampage  .   L - ring of protection from fire
Will     +....     NoTele   +   p - ring of willpower
Stlth    ++++++....             (no ring)
HPRegen  0.28/turn              (no ring)
MPRegen  0.17/turn              (no ring)
                                (no ring)
                                (no ring)

@: tree-form, wreathed by umbra
A: almost no armour, stealthy swim, (amphibious), 8 rings, (constrict 8)
a: Renounce Religion


You were on level 11 of the Dungeon.
You worshipped Dithmenos.
Dithmenos was aware of your devotion.
You were a tree.
You visited 2 branches of the dungeon, and saw 12 of its levels.
You also visited: Ossuary.

You collected 553 gold pieces.
You spent 275 gold pieces at shops.

Inventory:

Hand Weapons
 f - a +4 dagger
 t - a +3 short sword of electrocution (weapon)
 u - a +1 dagger of venom
 N - a +2 antimagic dagger
Missiles
 c - 8 curare-tipped darts
 d - 3 javelins
 j - 151 stones
 E - 5 boomerangs
 I - a throwing net
 R - 15 poisoned darts
 T - 2 atropa-tipped darts
Armour
 a - a +0 kite shield
Jewellery
 h - a ring of magical power (left branch)
 k - an uncursed ring of fire
 p - a ring of willpower (on tentacle)
 r - an amulet of guardian spirit (around neck)
 L - a ring of protection from fire (right branch)
Wands
 G - a wand of polymorph (6)
 H - a wand of disintegration (6) (quivered)
 J - a wand of random effects (21)
 K - a wand of iceblast (3)
 M - a wand of digging (10)
Scrolls
 b - 2 scrolls of enchant weapon
 e - 3 scrolls of blinking
 g - 4 scrolls of amnesia
 i - a scroll of enchant armour
 m - a scroll of immolation {unknown}
 n - a scroll of fear {unknown}
 o - a scroll of remove curse
 s - a scroll of magic mapping
 y - 2 scrolls of noise {unknown}
 D - a scroll of random uselessness {unknown}
 P - a scroll of fog {unknown}
 Q - a scroll of vulnerability {unknown}
Potions
 l - a potion of flight {unknown}
 q - a potion of brilliance
 x - 2 potions of lignification
 A - a potion of cancellation {unknown}
 C - 2 potions of resistance {unknown}
 F - a potion of ambrosia {unknown}


   Skills:
 - Level 6.5 Fighting
 - Level 7.5 Short Blades
 - Level 6.7 Throwing
 - Level 8.0 Dodging
 - Level 11.9 Stealth
 + Level 5.4 Shields
 - Level 2.0 Unarmed Combat
 - Level 0.1 Evocations


You had 10 spell levels left.
You didn't know any spells.
Your spell library contained the following spells:

 Spells                   Type           Power        Failure   Level
 Corona                   Hex            0%           30%         1
 Foxfire                  Conj/Fire      0%           30%         1
 Shock                    Conj/Air       0%           30%         1
 Poisonous Vapours        Pois/Air       0%           43%         2
 Slow                     Hex            0%           43%         2
 Swiftness                Air            0%           43%         2
 Conjure Flame            Conj/Fire      0%           67%         3
 Inner Flame              Hex/Fire       0%           67%         3
 Mephitic Cloud           Conj/Pois/Air  0%           67%         3
 Portal Projectile        Hex/Tloc       0%           67%         3
 Static Discharge         Conj/Air       0%           67%         3
 Airstrike                Air            0%           97%         4
 Cause Fear               Hex            0%           97%         4
 Leda's Liquefaction      Hex/Erth       0%           97%         4
 Lightning Bolt           Conj/Air       0%           100%        5
 Freezing Cloud           Conj/Ice/Air   0%           100%        6


Dungeon Overview and Level Annotations

Branches:
Dungeon (11/15)            Temple (1/1) D:4             Orc (0/2) D:11
Ossuary (visited)
   Lair: D:8-11

Altars:
Ashenzari
Cheibriados
Dithmenos
Elyvilon
Fedhas
Gozag
Hepliaklqana
Kikubaaqudgha
Makhleb
Nemelex Xobeh
Okawaru
Qazlal
Ru
Sif Muna
Trog
Uskayaw
Vehumet
Wu Jian
Xom
Yredelemnul
Zin
The Shining One

Shops:
D:9 :   D:10 =

Annotations:
D:10 ring shop, 1 runed translucent door with angel


Innate Abilities, Weirdness & Mutations

You cannot wear most types of armour.
You are very stealthy in the water. (Stealth+)
((You are amphibious.))
You can wear up to eight rings at the same time.
((You can use your tentacles to constrict eight enemies at once.))
((Your skin changes colour to match your surroundings (Stealth+).))
((Your rubbery body absorbs attacks. (AC +1, EV +1)))


Message History

The gargoyle hurls a stone arrow at you.
The stone arrow hits you.
* * * LOW HITPOINT WARNING * * *
Aiming: Disintegrate
Press: ? - help, Q - select action, (/) - cycle Shift-Dir - straight line, f/p - gargoyle
Aim: a gargoyle, wielding a +0 morningstar (lightly damaged, umbra, chance to affect: 48%)
The gargoyle resists with some effort.
The gargoyle hits you but does no damage.
Aiming: Disintegrate
Press: ? - help, Q - select action, (/) - cycle Shift-Dir - straight line, f/p - gargoyle
Aim: a gargoyle, wielding a +0 morningstar (lightly damaged, umbra, chance to affect: 48%)
The gargoyle resists with some effort.
Unknown command.
Aiming: Disintegrate
Press: ? - help, Q - select action, (/) - cycle Shift-Dir - straight line, f/p - gargoyle
Aim: a gargoyle, wielding a +0 morningstar (lightly damaged, umbra, chance to affect: 48%)
The gargoyle resists with some effort.
The gargoyle hurls a stone arrow at you.
The stone arrow hits you!
You die...

...####... 8.....#..#
###
..........#..##..#####
...o.................#
...o>....8.....#.#.#.#
......9...)..#.......#
......)...#[.#.#.#.#.#
....8...Z #..9.......#
#.....## #[.♣.#.#.#.#
.##.# #..#.......#
###.###..#...##.##
#...'...........#
#...#...#.#..####
+...#...#.#..#
######..#.#..#
##.#.#.## #.#†#.#


You could see a gargoyle.

Vanquished Creatures
  Harold (D:7)
  Erica (D:8)
  Maurice (D:8)
  Maggie (D:7)
  A hornet (D:10)
  A vampire (D:11)
  A wraith (Ossuary)
  4 yaks (D:10)
  2 humans (D:7)
  5 orc warriors
  3 sky beasts
  2 black bears
  A phantom (D:10)
  An eye of draining (D:10)
  4 ogres
  4 centaurs
  2 big kobolds
  A bullfrog (D:6)
  A gnoll sergeant (D:8)
  3 scorpions
  7 killer bees
  12 wights
  5 howler monkeys
  2 bullfrog zombies (D:8)
  10 orc wizards
  A quasit (D:6)
  2 orc priests
  A centaur skeleton (D:7)
  6 hounds
  A jelly (D:10)
  3 bullfrog skeletons
  10 worker ants
  5 iguanas
  A big kobold zombie (Ossuary)
  A hound zombie (D:10)
  3 mummies (Ossuary)
  A howler monkey zombie (D:8)
  2 worker ant zombies
  3 gnolls (D:8)
  11 adders
  4 shadow imps
  2 white imps
  2 ufetubi
  2 adder skeletons
  2 worms
  4 leopard geckos
  32 orcs
  A ball python (D:1)
  8 bats
  3 giant cockroaches
  8 goblins
  13 hobgoblins
  4 quokkas
  3 frilled lizards
  A goblin zombie (Ossuary)
  4 hobgoblin zombies (Ossuary)
  23 kobolds
  A kobold zombie (Ossuary)
  A leopard gecko zombie (D:5)
  2 quokka skeletons
  12 rats
259 creatures vanquished.

Vanquished Creatures (others)
  A plant (D:4)
1 creature vanquished.

Grand Total: 260 creatures vanquished

Notes
Turn   | Place    | Note
-------+----------+-------------------------------------------
     0 | D:1      | adizb the Octopode Brigand began the quest for the Orb.
     0 | D:1      | Reached XP level 1. HP: 14/14 MP: 1/1
    63 | D:1      | Reached XP level 2. HP: 19/19 MP: 2/2
   392 | D:1      | Reached XP level 3. HP: 24/24 MP: 3/3
  1038 | D:2      | Reached skill level 1 in Unarmed Combat
  1038 | D:2      | Reached XP level 4. HP: 29/29 MP: 4/4
  1795 | D:3      | Reached XP level 5. HP: 35/35 MP: 5/5
  1891 | D:3      | Found a sparkling altar of Nemelex Xobeh.
  1892 | D:3      | Found an opulent altar of Gozag.
  2045 | D:4      | Found a staircase to the Ecumenical Temple.
  2078 | Temple   | Entered the Ecumenical Temple
  2170 | Temple   | Became a worshipper of Uskayaw the Reveller
  2195 | D:4      | Reached * piety under Uskayaw
  2273 | D:4      | Reached skill level 6 in Stealth
  2331 | D:4      | Found a glowing golden altar of the Shining One.
  2440 | D:4      | Found a broken altar of Ashenzari.
  2753 | D:4      | Found an iron altar of Okawaru.
  2754 | D:4      | Found a blossoming altar of Fedhas.
  2907 | D:5      | Entered Level 5 of the Dungeon
  2914 | D:5      | Reached ** piety under Uskayaw
  2916 | D:5      | Reached XP level 6. HP: 41/41 MP: 6/6
  2954 | D:5      | Found a sand-covered staircase.
  2962 | Ossuary  | Entered an ossuary
  2962 | Ossuary  | Noticed a wraith
  2962 | Ossuary  | Noticed a wraith
  2962 | Ossuary  | Noticed a wraith
  3086 | Ossuary  | Noticed a wraith
  3096 | Ossuary  | Killed a wraith
  3096 | Ossuary  | Reached *** piety under Uskayaw
  3434 | Ossuary  | Reached XP level 7. HP: 46/46 MP: 7/7
  4142 | D:5      | Reached skill level 7 in Stealth
  4164 | D:6      | Reached skill level 5 in Dodging
  4164 | D:6      | Reached XP level 8. HP: 29/54 MP: 8/8
  4842 | D:6      | Found a shimmering blue altar of Sif Muna.
  4859 | D:6      | Reached **** piety under Uskayaw
  4867 | D:6      | Identified Sif Muna's Compendium of Heat
  4916 | D:6      | Reached skill level 8 in Stealth
  5064 | D:6      | Reached XP level 9. HP: 19/59 MP: 8/9
  5424 | D:7      | Reached skill level 5 in Short Blades
  5424 | D:7      | Reached skill level 5 in Throwing
  5511 | D:7      | Noticed Harold
  5520 | D:7      | Killed Harold
  5521 | D:7      | Reached skill level 5 in Fighting
  5521 | D:7      | Reached skill level 9 in Stealth
  5628 | D:7      | Found an iron altar of Okawaru.
  5763 | D:7      | Noticed Maggie
  5786 | D:7      | Killed Maggie
  5787 | D:7      | Reached skill level 10 in Stealth
  5787 | D:7      | Reached XP level 10. HP: 51/68 MP: 10/10
  6187 | D:7      | Found a snail-covered altar of Cheibriados.
  6322 | D:8      | Found Heodoshu's Assorted Antiques.
  6346 | D:8      | Noticed Erica
  6358 | D:8      | Killed Erica
  6359 | D:8      | Reached skill level 11 in Stealth
  6435 | D:8      | Reached ***** piety under Uskayaw
  6507 | D:8      | Noticed Maurice
  6511 | D:8      | Killed Maurice
  6829 | D:8      | Found a glowing golden altar of the Shining One.
  6900 | D:9      | Found a shadowy altar of Dithmenos.
  6900 | D:9      | Found an ancient bone altar of Kikubaaqudgha.
  6915 | D:9      | Found an ornate altar of the Wu Jian Council.
  6915 | D:9      | Found a hazy altar of Hepliaklqana.
  6954 | D:9      | Found a stormy altar of Qazlal.
  6961 | D:9      | Fell from the grace of Uskayaw
  6961 | D:9      | Became a worshipper of Dithmenos the Shadowed
  7249 | D:9      | Found a sacrificial altar of Ru.
  7249 | D:9      | Identified the +1 leather armour "Areqyru" {rElec rC+++
                  | Dex-3}
  7276 | D:9      | Found Zex Kadu's Book Shoppe.
  7694 | D:10     | Entered Level 10 of the Dungeon
  7705 | D:10     | Reached skill level 1 in Shields
  7736 | D:10     | Found Eczoplax's Jewellery Shoppe.
  7755 | D:10     | Reached * piety under Dithmenos
  7772 | D:10     | Reached XP level 11. HP: 64/74 MP: 11/11
  7944 | D:10     | Found a white marble altar of Elyvilon.
  7944 | D:10     | Found a runed translucent door.
  7944 | D:10     | Noticed an angel
  8077 | D:10     | Bought an uncursed ring of willpower for 275 gold pieces
  8578 | D:10     | Reached skill level 5 in Shields
  9060 | D:11     | Found a staircase to the Orcish Mines.
  9105 | D:11     | Paralysed by the fury of Uskayaw for 5 turns
  9115 | D:11     | Killed from afar by a gargoyle

Illustrated notes

Levels and vault maps discovered:
D:1:      psy_arrival_statuary, layout_basic, minivault_19
D:2:      layout_loops_ring
D:3:      lemuel_upstairs_altar, layout_loops_ring,
          grunt_temple_overflow_opulence
D:4:      layout_loops_corners, lemuel_doored_altar, tso_metal_star,
          gammafunk_temple_overflow_statue, minmay_temple_entry_gardened_gates
D:5:      layout_cave_pods, nicolae_ossuary_entry_ruins
D:6:      layout_basic, led_sif_book
D:7:      layout_layer_cave, slow_altar_1, minivault_24, okawaru_humans,
          uniq_maggie, uniq_harold
D:8:      layout_cave_pools, basic_altar, serial_shops, shop, uniq_maurice,
          uniq_erica
D:9:      layout_cross, grunt_temple_overflow_open,
          nicolae_ru_great_annihilating_truth, serial_shops, shop,
          roderic_roman_lattice, grunt_qazlal_clouds
D:10:     layout_rooms, serial_shops, kennysheep_mini, lemuel_angel_altar
D:11:     layout_gridville, lair_entry_dummy, david_orc_2,
          gammafunk_ghost_stat_death, serial_co_window_serial,
          co_window_paths_a, co_window_corner_a, co_window_paths_a,
          co_window_of_opportunity_a, co_window_corner_a, co_window_corner_a,
          co_window_cross_1, co_window_paths_c, co_window_unsneaky_path_c,
          co_window_corner_b, co_window_of_opportunity_c, co_window_corner_b,
          co_window_broadway_a, co_window_4corner_a, glass_columns_b,
          glass_columns_b
Temple:   dpeg_three_leaves_temple

Skill      XL: |  1  2  3  4  5  6  7  8  9 10 11 |
---------------+----------------------------------+-----
Dodging        | 2 3 4 5 6 7 8 |  8.0
Unarmed Combat | 1 2 |  2.0
Stealth        | 6 7 8 10 11 | 11.9
Short Blades   | 3 4 6 7 |  7.5
Fighting       | 3 4 5 6 |  6.5
Throwing       | 3 4 5 6 |  6.7
Shields        | 2 5 |  5.4
Evocations     | |  0.1

Action                   |  1- 3 |  4- 6 |  7- 9 | 10-12 || total
-------------------------+-------+-------+-------+-------++-------
Melee: Dagger            |    73 |    31 |     6 |    81 ||   191
       Constrict         |    16 |    11 |    25 |    42 ||    94
       Tentacles         |     6 |     8 |    25 |    49 ||    88
       Punch             |     1 |       |       |     7 ||     8
       Short sword       |       |    45 |   131 |   172 ||   348
Throw: Dart              |    35 |     5 |     4 |    25 ||    69
       Javelin           |       |     9 |     6 |    19 ||    34
       Boomerang         |       |       |    20 |    49 ||    69
       Throwing net      |       |       |       |     8 ||     8
Invok: Stomp             |       |     1 |     1 |     6 ||     8
Evoke: Wand              |       |       |       |     8 ||     8
  Use: Scroll            |       |     9 |     3 |     8 ||    20
       Potion            |       |     1 |     2 |    11 ||    14
 Stab: Sleeping          |    11 |    18 |    31 |    15 ||    75
       Paralysed         |       |       |     1 |     3 ||     4
       Distracted        |       |       |     1 |       ||     1
       Held in net/web   |       |       |       |     3 ||     3
Armor: Skin              |     4 |     4 |     1 |    43 ||    52
Dodge: Dodged            |    40 |    38 |    72 |   165 ||   315
